 Dungeon Crawl Stone Soup version 0.21.1-1-g345015f (webtiles) character file.

360 wojtek the Chopper (level 6, -3/51 HPs)
             Began as a Minotaur Fighter on July 22, 2018.
             Was an Initiate of Makhleb.
             Killed from afar by Edmund (9 damage)
             ... with a wand of flame (30)
             ... on level 4 of the Dungeon on July 23, 2018.
             The game lasted 00:04:28 (3046 turns).

wojtek the Chopper (Minotaur Fighter)               Turns: 3046, Time: 00:04:29

Health: -3/51      AC:  9    Str: 22    XL:     6   Next: 38%
Magic:  6/6        EV:  6    Int:  5    God:    Makhleb [......]
Gold:   100        SH:  9    Dex: 10    Spells: 5/5 levels left

rFire    . . .     SeeInvis .   a - +0 war axe
rCold    . . .     Gourm    .   c - +0 shield
rNeg     . . .     Faith    .   m - -1 chain mail (curse)
rPois    .         Spirit   .   (helmet restricted)
rElec    .         Reflect  .   (no cloak)
rCorr    .         Harm     .   w - +0 pair of gloves
MR       .....                  (no boots)
Stlth    ..........             (no amulet)
HPRegen  0.17/turn              (no ring)
MPRegen  0.10/turn              (no ring)

@: no status effects
A: retaliatory headbutt, horns 2
a: Renounce Religion


You were on level 4 of the Dungeon.
You worshipped Makhleb.
Makhleb was noncommittal.
You were not hungry.

You visited 1 branch of the dungeon, and saw 4 of its levels.

You collected 100 gold pieces.

Inventory:

Hand Weapons
 a - a +0 war axe (weapon)
Missiles
 l - a throwing net (quivered)
Armour
 b - a +0 scale mail
 c - a +0 shield (worn)
 i - +0 swamp dragon scales
 m - a cursed -1 chain mail (worn)
 w - a +0 pair of gloves (worn)
Jewellery
 u - a +3 ring of dexterity {unknown}
 v - a cursed amulet of the gourmand {unknown}
Scrolls
 e - 3 scrolls of remove curse {unknown}
 g - 4 scrolls of enchant armour {unknown}
 h - a scroll of noise {unknown}
 k - 4 scrolls of identify {unknown}
 n - a scroll of immolation {unknown}
 p - a scroll of amnesia {unknown}
 t - 2 scrolls of teleportation {unknown}
Potions
 d - a potion of might
 j - a potion of agility {unknown}
 o - a potion of haste
 q - a potion of cancellation {unknown}
 r - 2 potions of flight {unknown}
 s - a potion of lignification {unknown}
Comestibles
 f - 10 rations


   Skills:
 - Level 3.6 Fighting
 * Level 6.9 Axes
 + Level 4.1 Armour
 + Level 1.3 Dodging
 - Level 0.8 Stealth
 + Level 4.1 Shields
 * Level 1.9 Invocations


You had 5 spell levels left.
You didn't know any spells.

Dungeon Overview and Level Annotations

Branches:
Dungeon (4/15)
 Temple: D:4-7

Altars:
Makhleb
Vehumet
Yredelemnul
The Shining One

Annotations:
D:4 Edmund


Innate Abilities, Weirdness & Mutations

You reflexively headbutt those who attack you in melee.
You have a pair of horns on your head.


Message History

You barely miss Edmund.
Edmund is severely wounded.
Edmund barely misses you.
Edmund hits you with a dire flail of holy wrath.
* * * LOW HITPOINT WARNING * * *
You hit Edmund. You headbutt Edmund, but do no damage.
Edmund is severely wounded.
Edmund hits you with a dire flail of holy wrath.
* * * LOW HITPOINT WARNING * * *
You block Edmund's attack.
Found a stone staircase leading up.
An ogre comes into view. It is wielding a giant club.
The ogre shouts!
Edmund closely misses you.
Edmund zaps a wand.
The puff of flame hits you!
* * * LOW HITPOINT WARNING * * *
You see here a dagger.
Edmund zaps a wand.
The puff of flame hits you!
Edmund zaps a wand.
The puff of flame hits you!
You die...

#.=.# #...# #.O.#
###...#
########.....#####
#......#.#@....(.#
#.####.#.#.).###.#
#.#.##...)....#
#..........@..#
#.#)##.#.##.#......
#.#.##.#....#.##.#.
#..(รท..#.##.... #
###.##.#[##.#.##
#.##........#
#.#######.# #.# #.#
######.###


You could see Edmund and an ogre.

Vanquished Creatures
  An ogre (D:4)
  A bullfrog skeleton (D:4)
  An orc priest (D:3)
  Jessica (D:2)
  A worker ant (D:4)
  7 gnolls
  3 adders
  A dart slug (D:1)
  12 orcs (D:3)
  4 ball pythons
  4 bats
  A giant cockroach (D:1)
  2 goblins (D:2)
  6 hobgoblins
  4 jackals (D:2)
  A quokka (D:4)
  5 frilled lizards
  4 kobolds
  2 rats
61 creatures vanquished.

Notes
Turn   | Place    | Note
-------+----------+-------------------------------------------
     0 | D:1      | wojtek the Minotaur Fighter began the quest for the Orb.
     0 | D:1      | Reached XP level 1. HP: 19/19 MP: 0/0
   426 | D:1      | Reached skill level 3 in Axes
   530 | D:1      | Reached XP level 2. HP: 26/26 MP: 1/1
   991 | D:2      | Noticed Jessica
   998 | D:2      | Killed Jessica
   998 | D:2      | Reached skill level 4 in Axes
   998 | D:2      | Reached XP level 3. HP: 30/31 MP: 2/2
  1071 | D:1      | Reached skill level 5 in Axes
  1137 | D:1      | Reached XP level 4. HP: 31/39 MP: 3/3
  1337 | D:2      | Found a basalt altar of Yredelemnul.
  1339 | D:2      | Noticed a profane servitor
  1341 | D:2      | Reached skill level 6 in Axes
  1375 | D:2      | Found a glowing golden altar of the Shining One.
  1662 | D:2      | Reached XP level 5. HP: 44/45 MP: 4/4
  1669 | D:2      | Found a radiant altar of Vehumet.
  1669 | D:2      | Found a burning altar of Makhleb.
  1674 | D:2      | Became a worshipper of Makhleb the Destroyer
  1713 | D:2      | Noticed an angel
  2605 | D:3      | Reached skill level 1 in Invocations
  2988 | D:4      | Reached skill level 1 in Dodging
  2988 | D:4      | Reached XP level 6. HP: 35/51 MP: 4/6
  3019 | D:4      | Noticed Edmund
  3046 | D:4      | Killed from afar by Edmund

Skill      XL: |  1  2  3  4  5  6 |
---------------+-------------------+-----
Axes           | 3 4 5 6 |  6.9
Invocations    | 1 |  1.9
Dodging        | 1 |  1.3
Armour         | 4 |  4.1
Shields        | 4 |  4.1
Fighting       | |  3.6
Stealth        | |  0.8

Action                   |  1- 3 |  4- 6 || total
-------------------------+-------+-------++-------
Melee: War axe           |    45 |   128 ||   173
       Headbutt          |     8 |    22 ||    30
  Eat: Chunk             |     1 |     6 ||     7
Armor: Scale mail        |    17 |       ||    17
       Chain mail        |       |    51 ||    51
Dodge: Dodged            |     9 |    27 ||    36
Block: Shield            |    26 |    53 ||    79
